Unix NetHack Version 5.0.0-0 post-release - last build Jun 10 2026 00:39:30 (3ee93aec679c4c4259841fe613dc97188e26a321,branch:main).

Game began 2026-07-02 20:47:51, ended 2026-07-02 21:00:57.

ARFwashere, lawful male dwarven Archeologist

                        ---- ----------------------------
     ----------         |..  |..|..|....|..|..|..|..-...|
     |........|         |.   |..|..-..@.-..|..|..|..|...|
     |......<..         |..  --|----....----|---|----...|
     |........| ####### |...............................|
     |.........####### #|.--+-----+-.......--|----|--...|
     ---+------   ######|.|  |..|  |......G|....|...|...|
                      ##..|  |..|  |.......|....|%.%|...|
                      ##|.----|-----......@|.._.|%!%|...|
                        |.............{....|....|%%!|...|
                        |.------+--------B----------|...|
                        +.|             |@|    |(((.|...|
                        |.+             +.+    |((].-...|
                        |.|             |.|    |.((.|...|
                        |.-             -.-    ------...|
                        |.               .           ...|
                        ---             ---         -----

ARFwashere the Field Worker  St:13 Dx:12 Co:12 In:16 Wi:16 Ch:8  Lawful
Dlvl:5  $:6  HP:0(25) Pw:15(15) AC:9  Xp:3 T:1498  Hungry  

Latest messages:
 You see here a lock pick (for sale, 27 zorkmids).
 You hear a door open.
 You see here a credit card (for sale, 13 zorkmids).
 You see here a looking glass (for sale, 13 zorkmids).
 You see here a lock pick (for sale, 27 zorkmids).
 You see here a stethoscope (for sale, 100 zorkmids).
 That whistle is a small mimic!
 You lash the small mimic.
 You lash the small mimic.
 You lash the small mimic.
 You miss the small mimic.
 You feel strong!
 You must have been exercising diligently.
 You feel tough!
 You must have been leading a healthy life-style.
 You lash the small mimic.
 You hear the chime of a cash register.
 You lash the small mimic.
 You lash the small mimic.
 You lash the small mimic.
 The small mimic hits!
 You lash the small mimic.
 You lash the small mimic.
 You lash the small mimic.
 You lash the small mimic.
 You lash the small mimic.
 You lash the small mimic.
 You see here a whistle (for sale, 13 zorkmids).
 In what direction? l
 The door opens.
 You are beginning to feel hungry.
 What do you want to use or apply? [af-inwz or ?*] h
 e - a +0 pick-axe.
 What do you want to wield? [- aekl or ?*] e
 e - a +0 pick-axe (weapon in right hand).
 You swap places with the peaceful watchman.
 You hear someone cursing shoplifters.
 The giant bat bites!
 You hit the giant bat!
 The giant bat bites!
 The giant bat bites!
 You hit the giant bat.
 The giant bat bites!
 The giant bat bites!
 You die...
 Do you want your possessions identified? [ynq] (y) n
 Do you want to see your attributes? [ynq] (y) n
 Do you want an account of creatures vanquished? [ynaq] (y) n
 Do you want to see your conduct and achievements? [ynq] (y) n
 Do you want to see the dungeon overview? [ynq] (y) n

Inventory:
 Coins    ('$')
  $ - 6 gold pieces
 Weapons  (')')
  k - 42 rustproof +0 darts
  l - 24 +0 darts (at the ready)
  a - a +2 bullwhip
 Armor    ('[')
  c - an uncursed +0 fedora (being worn)
  b - an uncursed +0 leather jacket (being worn)
 Comestibles  ('%')
  u - an uncursed clove of garlic
  s - an uncursed cram ration
  d - 4 uncursed food rations
  m - a cursed food ration
  o - an uncursed lembas wafer
 Scrolls  ('?')
  q - an uncursed scroll of confuse monster
  t - a blessed scroll of identify
  j - 3 uncursed scrolls of identify
 Tools    ('(')
  w - an empty uncursed bag of holding
  h - an empty uncursed sack
  z - an uncursed blindfold
  n - an uncursed mirror
  i - an uncursed oil lamp
  e - a +0 pick-axe (weapon in right hand)
  f - a tinning kit (0:78)
 Gems/Stones  ('*')
  g - an uncursed touchstone

ARFwashere the Archeologist's attributes:

Background:
 You were a Field Worker, a level 3 male dwarven Archeologist.
 You were lawful, on a mission for Quetzalcoatl
 who was opposed by Camaxtli (neutral) and Huhetotl (chaotic).
 You were right-handed.
 You were in the Gnomish Mines, on level 5.
 You entered the dungeon 1498 turns ago.
 There was a full moon in effect when your adventure ended.
 You had 55 experience points, 25 more were needed to attain level 4.

Basics:
 You had 0 out of 25 hit points.
 You had all 15 energy points (spell power).
 Your armor class was 9.
 Your wallet contained 6 zorkmids.
 Autopickup was on for '$' plus thrown.

Final Characteristics:
 Your strength was 13 (limit:18/100).
 Your dexterity was 12 (limit:20).
 Your constitution was 12 (limit:20).
 Your intelligence was 16 (limit:16).
 Your wisdom was 16 (limit:16).
 Your charisma was 8 (limit:16).

Final Status:
 You were hungry.
 You were unencumbered.
 You were wielding a pick-axe.
 You had basic skill with pick-axe.

Final Attributes:
 You were devoutly aligned.
 You had automatic searching.
 You had infravision.
 You were lucky.
 You are dead.

Miscellaneous:
 You didn't encounter any bones levels.
 Total elapsed playing time was 13 minutes and 5 seconds.

Major events:
 Turn
    1: ARFwashere the lawful male dwarven Archeologist entered the dungeon
  714: entered the Gnomish Mines
 1050: attained the rank of Field Worker (level 3)
 1285: reached Mine Town
 1498: killed by a giant bat

You didn't know any spells.

Skills:
 Fighting Skills
   bare handed combat [Unskilled]
   two weapon combat  [Unskilled]
   riding             [Unskilled]
 Weapon Skills
   dagger             [Unskilled]
   knife              [Unskilled]
   pick-axe           [Basic]
   short sword        [Unskilled]
   saber              [Unskilled]
   club               [Unskilled]
   quarterstaff       [Unskilled]
   sling              [Unskilled]
   dart               [Unskilled]
   boomerang          [Unskilled]
   whip               [Basic]
   unicorn horn       [Unskilled]
 Spellcasting Skills
   attack spells      [Unskilled]
   healing spells     [Unskilled]
   divination spells  [Unskilled]
   matter spells      [Unskilled]

Voluntary challenges:
 Character rerolling was not enabled.
 You never genocided any monsters.
 You never polymorphed an object.
 You never changed form.
 You used no wishes.
Achievements:
 You entered the Gnomish Mines.
 You attained the rank of Field Worker.
 You entered Minetown.
 You entered a temple.
 You entered a shop.

 The Dungeons of Doom: levels 1 to 3
    Level 1:
       A sink.
    Level 2:
       An altar to Quetzalcoatl.
       Stairs down to The Gnomish Mines.
    Level 3:
 The Gnomish Mines: levels 3 to 5
    Level 3:
    Level 4:
    Level 5: <- You were here.
       Some shops, a temple and an altar, some fountains.
       Final resting place for
          you, killed by a giant bat.


Vanquished creatures:
  a little dog
 an iguana
  a coyote
  a gas spore
  a large kobold
  a yellow mold
  a gnome
  a jackal
  a fox
  a kobold
  a sewer rat
  4 grid bugs
  2 bats
  4 newts
21 creatures vanquished.

No species were genocided or became extinct.

Game over:
                       ----------
                      /          \
                     /    REST    \
                    /      IN      \
                   /     PEACE      \
                  /                  \
                  |    ARFwashere    |
                  |       6 Au       |
                  |   killed by a    |
                  |    giant bat     |
                  |                  |
                  |                  |
                  |       2026       |
                 *|     *  *  *      | *
        _________)/\\_//(\/(/\)/\//\/|_)_______

Goodbye ARFwashere the Archeologist...

You died in The Gnomish Mines on dungeon level 5 with 426 points,
and 6 pieces of gold, after 1498 moves.
You were level 3 with a maximum of 25 hit points when you died.

